PCL
SAN JOSE MISSIONS @ ALBUQUERQUE ISOTOPES
06/26/2026
 
TOP OF THE 1ST
San Jose Missions batting - Pitching for Albuquerque Isotopes : RHP Raúl Ruíz
Pitching: RHP Raúl Ruíz
Batting: RHB Irwin Duncan 0-0: Ball
1-0: Foul Ball, location: 2F
1-1: Ball
2-1: Foul Ball, location: 2F
2-2: Ball
3-2: Ground out 6-3 (Groundball, 6M)
Batting: RHB Jorge Díaz 0-0: Ball
1-0: Called Strike
1-1: Ball
2-1: Foul Ball, location: 2F
2-2: Strikes out looking
Batting: RHB Ramón Ruíz 0-0: Ball
1-0: Foul Ball, location: 2F
1-1: Foul Ball, location: 2F
1-2: Strikes out looking
Top of the 1st over - 0 run(s), 0 hit(s), 0 error(s), 0 left on base; San Jose 0 - Albuquerque 0
BOTTOM OF THE 1ST
Albuquerque Isotopes batting - Pitching for San Jose Missions : LHP Floyd Dye
Pitching: LHP Floyd Dye
Batting: RHB Alfonso Huertas 0-0: Called Strike
0-1: Ball
1-1: Ground out 5-3 (Groundball, 5S)
Batting: RHB Juan Vareas 0-0: Ball
1-0: Called Strike
1-1: Foul Ball, location: 2F
1-2: Ball
2-2: Ball
3-2: DOUBLE (Flyball, 89XD)
Batting: LHB Fernando Ortíz 0-0: Ball
1-0: Ball
2-0: Foul Ball, location: 2F
2-1: Ball
3-1: Base on Balls
Batting: LHB Mark Vestal 0-0: Called Strike
0-1: Ball
Wild Pitch!
Juan Vareas to third
Fernando Ortíz to second
1-1: Called Strike
1-2: Ball
2-2: Foul Ball, location: 2F
2-2: SINGLE (Flyball, 8RS)
Juan Vareas scores
Fernando Ortíz to third
Runner from 3rd tries for Home, SAFE, no throw or cutoff
Batting: RHB Juan Alberto 0-0: Ball
1-0: Called Strike
1-1: Foul Ball, location: 2F
1-2: Foul Ball, location: 2F
1-2: DOUBLE (Line Drive, 78M)
Mark Vestal to third
Batting: LHB Bernardo Montés 0-0: Foul Ball, location: 2F
0-1: Called Strike
0-2: Foul Ball, location: 2F
0-2: Foul Ball, location: 2F
0-2: Ball
1-2: Ball
2-2: Ball
3-2: Base on Balls
Batting: RHB Arturo García 0-0: Ball
1-0: Ball
2-0: Called Strike
2-1: Ball
3-1: Base on Balls
Mark Vestal scores
Juan Alberto to third
Bernardo Montés to second
Batting: RHB Luis Martínez 0-0: Called Strike
0-1: Foul Ball, location: 2F
0-2: Ball
1-2: Strikes out looking
Batting: LHB António De Los Ángeles 0-0: Called Strike
0-1: Foul Ball, location: 2F
0-2: Strikes out swinging
Bottom of the 1st over - 3 run(s), 3 hit(s), 0 error(s), 3 left on base; San Jose 0 - Albuquerque 3
TOP OF THE 2ND
San Jose Missions batting - Pitching for Albuquerque Isotopes : RHP Raúl Ruíz
Batting: RHB Dale Taylor 0-0: Called Strike
0-1: Fly out, F2 (Popup, 2RF)
Batting: LHB Mel Jones 0-0: Called Strike
0-1: Ball
1-1: Ball
2-1: Ground out 4-3 (Groundball, 4D)
Batting: RHB Chang-geun Kim 0-0: Fly out, F8 (Line Drive, 8RXD)
Top of the 2nd over - 0 run(s), 0 hit(s), 0 error(s), 0 left on base; San Jose 0 - Albuquerque 3
BOTTOM OF THE 2ND
Albuquerque Isotopes batting - Pitching for San Jose Missions : LHP Floyd Dye
Batting: RHB Alfonso Huertas 0-0: Called Strike
0-1: Ball
1-1: Ball
2-1: DOUBLE (Line Drive, 8LS)
Batting: RHB Juan Vareas 0-0: Ball
1-0: Called Strike
1-1: Ball
2-1: SINGLE (Groundball, 34S) (infield hit)
Alfonso Huertas to third
Batting: LHB Fernando Ortíz 0-0: Ball
1-0: Fly out, F7 (Flyball, 7M)
Runner from 3rd tags up, SCORES, no throw
Batting: LHB Mark Vestal 0-0: Ball
1-0: Ball
2-0: Ball
3-0: Base on Balls
Juan Vareas to second
Batting: RHB Juan Alberto 0-0: Called Strike
0-1: Ball
1-1: Foul Ball, location: 2F
1-2: SINGLE (Groundball, 6)
Juan Vareas to third
Mark Vestal to second
Batting: LHB Bernardo Montés 0-0: Called Strike
0-1: Ball
1-1: Ball
2-1: Foul Ball, location: 2F
2-2: Foul Ball, location: 2F
2-2: Ball
3-2: Base on Balls
Juan Vareas scores
Mark Vestal to third
Juan Alberto to second
Batting: RHB Arturo García 0-0: Foul Ball, location: 2F
0-1: Fly out, F9 (Popup, 3D)
Batting: RHB Luis Martínez 0-0: Fielders Choice at 2nd, U4 (Groundball, 4M)
Bottom of the 2nd over - 2 run(s), 3 hit(s), 0 error(s), 3 left on base; San Jose 0 - Albuquerque 5
TOP OF THE 3RD
San Jose Missions batting - Pitching for Albuquerque Isotopes : RHP Raúl Ruíz
Batting: RHB Andrew Benson 0-0: Foul Ball, location: 2F
0-1: Ground out 4-3 (Groundball, 4M)
Batting: RHB Kyle Williams 0-0: Ground out 6-3 (Groundball, 6M)
Batting: RHB Dale O'Feennaghty 0-0: Ball
1-0: Called Strike
1-1: Swinging Strike
1-2: Ball
2-2: Foul Ball, location: 2F
2-2: Foul Ball, location: 2F
2-2: Strikes out swinging
Top of the 3rd over - 0 run(s), 0 hit(s), 0 error(s), 0 left on base; San Jose 0 - Albuquerque 5
BOTTOM OF THE 3RD
Albuquerque Isotopes batting - Pitching for San Jose Missions : LHP Floyd Dye
Batting: LHB António De Los Ángeles 0-0: Ball
1-0: Fly out, F9 (Line Drive, 9S)
Batting: RHB Alfonso Huertas 0-0: Called Strike
0-1: Foul Ball, location: 2F
0-2: Ball
1-2: Ball
2-2: Ball
3-2: Base on Balls
Pitching: RHP Larry West
Batting: RHB Juan Vareas 0-0: Ball
1-0: Called Strike
Alfonso Huertas steals 2nd base
1-1: Ball
2-1: Ball
3-1: Base on Balls
Batting: LHB Fernando Ortíz 0-0: Ground out 3-1 (Groundball, 34)
Alfonso Huertas to third
Juan Vareas to second
Batting: LHB Mark Vestal 0-0: SINGLE (Line Drive, 7S)
Alfonso Huertas scores
Juan Vareas to third
Batting: RHB Juan Alberto 0-0: Ball
1-0: Called Strike
1-1: Ball
2-1: SINGLE (Groundball, 6MD)
Juan Vareas scores
Mark Vestal to second
Batting: LHB Bernardo Montés 0-0: Foul Ball, location: 2F
0-1: Ball
1-1: Swinging Strike
1-2: Ball
2-2: Foul Ball, location: 2F
2-2: Ground out 1-3 (Groundball, 13)
Bottom of the 3rd over - 2 run(s), 2 hit(s), 0 error(s), 2 left on base; San Jose 0 - Albuquerque 7
TOP OF THE 4TH
San Jose Missions batting - Pitching for Albuquerque Isotopes : RHP Raúl Ruíz
Batting: RHB Irwin Duncan 0-0: Called Strike
0-1: Ground out 5-3 (Groundball, 5L)
Batting: RHB Jorge Díaz 0-0: Ball
1-0: Called Strike
1-1: Ball
2-1: SINGLE (Line Drive, 56)
Batting: RHB Ramón Ruíz 0-0: Called Strike
0-1: Ball
1-1: Called Strike
1-2: Fly out, F9 (Popup, 4MD)
Batting: RHB Dale Taylor 0-0: Foul Ball, location: 2F
0-1: Ball
1-1: Ball
2-1: Called Strike
2-2: Foul Ball, location: 2F
2-2: SINGLE (Line Drive, 6D)
Jorge Díaz to second
Batting: LHB Mel Jones 0-0: Called Strike
0-1: Ball
1-1: Ball
Wild Pitch!
Jorge Díaz to third
Dale Taylor to second
2-1: Foul Ball, location: 2F
2-2: Ground out 1-3 (Groundball, 13)
Top of the 4th over - 0 run(s), 2 hit(s), 0 error(s), 2 left on base; San Jose 0 - Albuquerque 7
BOTTOM OF THE 4TH
Albuquerque Isotopes batting - Pitching for San Jose Missions : RHP Larry West
Batting: RHB Arturo García 0-0: Ball
1-0: Swinging Strike
1-1: Swinging Strike
1-2: Ground out 4-3 (Groundball, 4)
Batting: RHB Luis Martínez 0-0: Foul Ball, location: 2F
0-1: Called Strike
0-2: Ground out 6-3 (Groundball, 6)
Batting: LHB António De Los Ángeles 0-0: Foul Ball, location: 2F
0-1: Swinging Strike
0-2: SINGLE (Groundball, 34D)
Batting: RHB Alfonso Huertas 0-0: Ball
1-0: Ball
2-0: Ball
3-0: Swinging Strike
3-1: Base on Balls
António De Los Ángeles to second
Batting: RHB Juan Vareas 0-0: Ground out 6-3 (Groundball, 6)
Bottom of the 4th over - 0 run(s), 1 hit(s), 0 error(s), 2 left on base; San Jose 0 - Albuquerque 7
TOP OF THE 5TH
San Jose Missions batting - Pitching for Albuquerque Isotopes : RHP Raúl Ruíz
Batting: RHB Chang-geun Kim 0-0: Ground out 5-3 (Groundball, 56)
Batting: RHB Andrew Benson 0-0: Called Strike
0-1: Ball
1-1: Ball
2-1: Ball
3-1: Foul Ball, location: 2F
3-2: Ground out 5-3 (Groundball, 5S)
Batting: RHB Kyle Williams 0-0: Called Strike
0-1: Ball
1-1: Called Strike
1-2: Ball
2-2: Ball
3-2: Base on Balls
Batting: RHB Dale O'Feennaghty 0-0: Ball
1-0: Swinging Strike
1-1: Swinging Strike
1-2: Strikes out swinging
Top of the 5th over - 0 run(s), 0 hit(s), 0 error(s), 1 left on base; San Jose 0 - Albuquerque 7
BOTTOM OF THE 5TH
Albuquerque Isotopes batting - Pitching for San Jose Missions : RHP Larry West
Batting: LHB Fernando Ortíz 0-0: Ball
1-0: Foul Ball, location: 2F
1-1: Called Strike
1-2: Ball
2-2: Foul Ball, location: 2F
2-2: Strikes out swinging
Batting: LHB Mark Vestal 0-0: Swinging Strike
0-1: Ball
1-1: SINGLE (Line Drive, 34)
Batting: RHB Juan Alberto 0-0: Swinging Strike
0-1: Ball
1-1: Foul Ball, location: 2F
1-2: Grounds into double play, 1-6-3 (Groundball, 15)
Bottom of the 5th over - 0 run(s), 1 hit(s), 0 error(s), 0 left on base; San Jose 0 - Albuquerque 7
TOP OF THE 6TH
San Jose Missions batting - Pitching for Albuquerque Isotopes : RHP Raúl Ruíz
Batting: RHB Irwin Duncan 0-0: Ball
1-0: Ball
2-0: Ball
3-0: Called Strike
3-1: Base on Balls
Batting: RHB Jorge Díaz 0-0: Swinging Strike
0-1: Ball
1-1: Foul Ball, location: 2F
1-2: Strikes out swinging
Batting: RHB Ramón Ruíz 0-0: Ball
1-0: Called Strike
1-1: Called Strike
1-2: Foul Ball, location: 2F
1-2: Strikes out swinging
Batting: RHB Dale Taylor 0-0: Ball
1-0: Called Strike
Irwin Duncan is caught stealing 2nd base
Top of the 6th over - 0 run(s), 0 hit(s), 0 error(s), 0 left on base; San Jose 0 - Albuquerque 7
BOTTOM OF THE 6TH
Albuquerque Isotopes batting - Pitching for San Jose Missions : RHP Larry West
Batting: LHB Bernardo Montés 0-0: Ball
1-0: Called Strike
1-1: Swinging Strike
1-2: Ball
2-2: SOLO HOME RUN (Line Drive, 9D), Distance : 376 ft
Batting: RHB Arturo García 0-0: Swinging Strike
0-1: Called Strike
0-2: Ball
1-2: Ball
2-2: Foul Ball, location: 2F
2-2: Foul Ball, location: 2F
2-2: Ball
3-2: Foul Ball, location: 2F
3-2: Foul Ball, location: 2F
3-2: Base on Balls
Pitching: RHP José Reyes
Batting: RHB Luis Martínez 0-0: Hit by Pitch
Arturo García to second
Batting: LHB António De Los Ángeles 0-0: Called Strike
0-1: Ball
1-1: SINGLE (Line Drive, 89S)
Arturo García to third
Luis Martínez to second
Runner from 3rd tries for Home, SAFE, no throw or cutoff
Batting: RHB Alfonso Huertas 0-0: Called Strike
0-1: Ground out 5-3 (Groundball, 56S)
Luis Martínez to third
António De Los Ángeles to second
Batting: RHB Juan Vareas 0-0: Swinging Strike
0-1: Ball
1-1: Swinging Strike
1-2: Ball
2-2: Reached on error, E4 (Groundball, 4)
Luis Martínez scores
António De Los Ángeles to third
Batting: LHB Fernando Ortíz 0-0: Ball
1-0: Foul Ball, location: 2F
1-1: Swinging Strike
1-2: Ball
2-2: Ball
3-2: Strikes out looking
Batting: LHB Mark Vestal 0-0: DOUBLE (Groundball, 5L)
António De Los Ángeles scores
Juan Vareas to third
Runner from 3rd tries for Home, SAFE, no throw or cutoff
Batting: RHB Juan Alberto 0-0: Called Strike
0-1: Swinging Strike
0-2: Ball
1-2: Ball
2-2: Foul Ball, location: 2F
2-2: Ball
3-2: Foul Ball, location: 2F
3-2: Base on Balls
Batting: LHB Bernardo Montés 0-0: Ball
1-0: 3-RUN HOME RUN (Flyball, 8RXD), Distance : 438 ft
Batting: RHB Arturo García 0-0: Swinging Strike
0-1: Ground out 1-3 (Groundball, 13S)
Bottom of the 6th over - 8 run(s), 4 hit(s), 1 error(s), 0 left on base; San Jose 0 - Albuquerque 15
TOP OF THE 7TH
San Jose Missions batting - Pitching for Albuquerque Isotopes : RHP Raúl Ruíz
Batting: RHB Dale Taylor 0-0: Called Strike
0-1: SINGLE (Groundball, 56D)
Batting: LHB Mel Jones 0-0: Called Strike
0-1: Called Strike
0-2: Ball
1-2: Foul Ball, location: 2F
1-2: 2-RUN HOME RUN (Flyball, 9D), Distance : 377 ft
Batting: RHB Chang-geun Kim 0-0: Called Strike
0-1: Ball
1-1: Ball
2-1: Foul Ball, location: 2F
2-2: Fly out, F7 (Flyball, 78M)
Pitching: RHP Rafael Trujillo
Batting: RHB Andrew Benson 0-0: Ball
1-0: Ball
2-0: Called Strike
2-1: Swinging Strike
2-2: Foul Ball, location: 2F
2-2: Ball
3-2: Foul Ball, location: 2F
3-2: Strikes out looking
Batting: RHB Kyle Williams 0-0: Ball
1-0: Ball
2-0: Foul Ball, location: 2F
2-1: Fly out, F7 (Line Drive, 78M)
Top of the 7th over - 2 run(s), 2 hit(s), 0 error(s), 0 left on base; San Jose 2 - Albuquerque 15
BOTTOM OF THE 7TH
Albuquerque Isotopes batting - Pitching for San Jose Missions : RHP José Reyes
Batting: RHB Luis Martínez 0-0: SINGLE (Groundball, 6MD)
Batting: LHB António De Los Ángeles 0-0: Called Strike
0-1: Ball
1-1: Ball
2-1: Ball
3-1: Base on Balls
Luis Martínez to second
Batting: RHB Alfonso Huertas 0-0: Ball
1-0: Ball
2-0: Ball
3-0: Base on Balls
Luis Martínez to third
António De Los Ángeles to second
Pinch Hitting: LHB Juan Carlos Sánchez 0-0: Foul Ball, location: 2F
0-1: Foul Ball, location: 2F
0-2: Foul Ball, location: 2F
0-2: Ball
1-2: Foul Ball, location: 2F
1-2: Grounds into double play, 6-4-3 (Groundball, 6M)
Luis Martínez scores
António De Los Ángeles to third
Pinch Hitting: RHB Sadayoshi Kato 0-0: Ball
1-0: Swinging Strike
1-1: Ball
2-1: Ball
3-1: Base on Balls
Batting: LHB Mark Vestal 0-0: Ball
1-0: Ball
2-0: Called Strike
2-1: Ball
3-1: Base on Balls
Sadayoshi Kato to second
Batting: RHB Juan Alberto 0-0: Ball
1-0: Ball
2-0: Ball
3-0: Called Strike
3-1: Base on Balls
António De Los Ángeles scores
Sadayoshi Kato to third
Mark Vestal to second
Pinch Hitting: RHB Alberto Ramos 0-0: Ball
1-0: Ball
2-0: Ball
3-0: Base on Balls
Sadayoshi Kato scores
Mark Vestal to third
Juan Alberto to second
Batting: RHB Arturo García 0-0: Fly out, F4 (Popup, 3D)
Bottom of the 7th over - 3 run(s), 1 hit(s), 0 error(s), 3 left on base; San Jose 2 - Albuquerque 18
TOP OF THE 8TH
San Jose Missions batting - Pitching for Albuquerque Isotopes : RHP Rafael Trujillo
Now at 1B: Vicente Torres
Now at 2B: Sadayoshi Kato
Now in RF: Tony McLaughlin
Batting: RHB Dale O'Feennaghty 0-0: SINGLE (Flyball, 8RS)
Batting: RHB Irwin Duncan 0-0: Ball
1-0: Ball
2-0: Swinging Strike
2-1: Swinging Strike
2-2: Foul Ball, location: 2F
2-2: Ball
3-2: Foul Ball, location: 2F
3-2: Foul Ball, location: 2F
3-2: Strikes out looking
Batting: RHB Jorge Díaz 0-0: Called Strike
0-1: Ball
1-1: Foul Ball, location: 2F
1-2: Ball
2-2: Strikes out swinging
Batting: RHB Ramón Ruíz 0-0: Ball
1-0: Ball
2-0: Ball
3-0: Swinging Strike
3-1: Base on Balls
Dale O'Feennaghty to second
Batting: RHB Dale Taylor 0-0: Called Strike
0-1: Foul Ball, location: 2F
0-2: Ball
1-2: Strikes out swinging
Top of the 8th over - 0 run(s), 1 hit(s), 0 error(s), 2 left on base; San Jose 2 - Albuquerque 18
BOTTOM OF THE 8TH
Albuquerque Isotopes batting - Pitching for San Jose Missions : RHP José Reyes
Batting: RHB Luis Martínez 0-0: Ball
1-0: Ball
2-0: Called Strike
2-1: Foul Ball, location: 2F
2-2: Ball
3-2: Base on Balls
Batting: LHB António De Los Ángeles 0-0: Fielders Choice at 2nd, 6-4 (Groundball, 6M)
Batting: RHB Alfonso Huertas 0-0: Ball
1-0: Ball
2-0: Ball
3-0: Called Strike
3-1: Base on Balls
António De Los Ángeles to second
Batting: RHB Vicente Torres 0-0: 3-RUN HOME RUN (Flyball, 9D), Distance : 386 ft
Batting: RHB Sadayoshi Kato 0-0: Called Strike
0-1: Ball
1-1: Ball
2-1: Foul Ball, location: 2F
2-2: Strikes out swinging
Batting: LHB Mark Vestal 0-0: Ball
1-0: Ball
2-0: Called Strike
2-1: Foul Ball, location: 2F
2-2: Foul Ball, location: 2F
2-2: Foul Ball, location: 2F
2-2: Ball
3-2: Base on Balls
Batting: RHB Juan Alberto 0-0: Called Strike
0-1: Ball
1-1: SINGLE (Groundball, 56D)
Mark Vestal to second
Batting: SHB Tony McLaughlin 0-0: Ball
1-0: Ball
2-0: Foul Ball, location: 2F
2-1: Called Strike
2-2: Foul Ball, location: 2F
2-2: Ball
3-2: Base on Balls
Mark Vestal to third
Juan Alberto to second
Batting: RHB Arturo García 0-0: Called Strike
0-1: Ball
1-1: Ball
2-1: Ball
3-1: Called Strike
3-2: Foul Ball, location: 2F
3-2: Base on Balls
Mark Vestal scores
Juan Alberto to third
Tony McLaughlin to second
Batting: RHB Luis Martínez 0-0: Ball
1-0: Foul Ball, location: 2F
1-1: Called Strike
1-2: Foul Ball, location: 2F
1-2: SINGLE (Groundball, 56D)
Juan Alberto scores
Tony McLaughlin to third
Arturo García to second
Runner from 3rd tries for Home, SAFE, no throw or cutoff
Batting: LHB António De Los Ángeles 0-0: Foul Ball, location: 2F
0-1: Foul Ball, location: 2F
0-2: Ball
1-2: Fly out, F7 (Flyball, 7LM)
Bottom of the 8th over - 6 run(s), 3 hit(s), 0 error(s), 2 left on base; San Jose 2 - Albuquerque 24
TOP OF THE 9TH
San Jose Missions batting - Pitching for Albuquerque Isotopes : RHP Rafael Trujillo
Batting: LHB Mel Jones 0-0: DOUBLE (Flyball, 9LM)
Batting: RHB Chang-geun Kim 0-0: Called Strike
0-1: Ball
1-1: Foul Ball, location: 2F
1-2: Foul Ball, location: 2F
1-2: Ground out 5-3 (Groundball, 5)
Batting: RHB Andrew Benson 0-0: Swinging Strike
0-1: Foul Ball, location: 2F
0-2: Foul Ball, location: 2F
0-2: SINGLE (Line Drive, 3D)
Mel Jones to third
Runner from 3rd tries for Home, SAFE, no throw or cutoff
Batting: RHB Kyle Williams 0-0: Fly out, F9 (Flyball, 9LM)
Batting: RHB Dale O'Feennaghty 0-0: Ball
1-0: Called Strike
1-1: 2-RUN HOME RUN (Flyball, 7D), Distance : 374 ft
Batting: RHB Irwin Duncan 0-0: Ball
1-0: Foul Ball, location: 2F
1-1: Swinging Strike
1-2: Strikes out swinging
Top of the 9th over - 3 run(s), 3 hit(s), 0 error(s), 0 left on base; San Jose 5 - Albuquerque 24
Monday, December 5th, 2016 - OOTP Baseball 17.12 Build 75